 Dungeon Crawl Stone Soup version 0.25-a0-435-g4b9beb1024 (webtiles) character file.

Game seed: 2574252502102851732, levelgen mode: deterministic

11627 Archen the Cleaver (level 11, 0/101 HPs)
             Began as a Minotaur Berserker on Jan 27, 2020.
             Was an Elder of Trog.
             Slain by a nine-headed hydra (2 damage)
             ... on level 3 of the Lair of Beasts.
             The game lasted 00:58:48 (11613 turns).

Archen the Cleaver (Minotaur Berserker)            Turns: 11613, Time: 00:58:49

Health: 0/101      AC: 15    Str: 23    XL:     11   Next: 51%
Magic:  10/10      EV: 19    Int:  4    God:    Trog [****..]
Gold:   638        SH:  0    Dex: 17    Spells: 10/10 levels left

rFire    . . .     SeeInvis .   l - +0 battleaxe
rCold    + . .     Gourm    .   (shield currently unavailable)
rNeg     . . .     Faith    .   y - +0 chain mail
rPois    .         Spirit   .   (helmet restricted)
rElec    .         Reflect  .   v - +0 cloak
rCorr    .         Harm     .   n - +1 pair of gloves
MR       ++...                  (no boots)
Stlth    ..........             f - amulet of the acrobat
HPRegen  1.26/turn              (no ring)
MPRegen  0.12/turn              P - ring of protection from cold

@: agile, regenerating
A: retaliatory headbutt, horns 2
a: Berserk, Trog's Hand, Brothers in Arms, Renounce Religion


You were on level 3 of the Lair of Beasts.
You worshipped Trog.
Trog was greatly pleased with you.
You were hungry.

You visited 3 branches of the dungeon, and saw 13 of its levels.

You collected 638 gold pieces.

Inventory:

Hand Weapons
 h - a +0 hunting sling
 l - a +0 battleaxe (weapon)
 r - a +2 halberd of flaming
 B - a +1 hand axe of freezing
 R - a +0 war axe
Missiles
 d - 108 bolts
 i - 41 poisoned darts (quivered)
 m - 443 stones
Armour
 n - a +1 pair of gloves (worn)
 v - a +0 cloak (worn)
 y - a +0 chain mail (worn)
 A - +0 steam dragon scales
 G - a +0 chain mail
 M - a +0 shield
Jewellery
 f - an amulet of the acrobat (around neck)
 P - a ring of protection from cold (right hand)
Wands
 a - a wand of acid (20)
 t - a wand of iceblast (11)
 L - a wand of random effects (24)
Scrolls
 b - a scroll of silence {unknown}
 g - a scroll of remove curse
 k - 10 scrolls of identify
 o - 3 scrolls of amnesia
 p - 6 scrolls of teleportation
 s - a scroll of magic mapping
 u - a scroll of torment {unknown}
 C - 2 scrolls of fear
 E - 2 scrolls of enchant weapon
 F - a scroll of vulnerability {unknown}
Potions
 e - 4 potions of heal wounds {unknown}
 j - 2 potions of flight {unknown}
 q - 7 potions of curing {unknown}
 z - 2 potions of magic {unknown}
 D - 2 potions of agility
 H - 2 potions of degeneration {unknown}
 I - 2 potions of mutation {unknown}
 J - 3 potions of brilliance {unknown}
 K - 2 potions of berserk rage {unknown}
Comestibles
 c - 10 rations


   Skills:
 + Level 10.5 Fighting
 * Level 13.9 Axes
 + Level 10.2 Armour
 + Level 9.3 Dodging


You had 10 spell levels left.
You didn't know any spells.
Your spell library contained the following spells:

 Spells                   Type           Power        Failure   Level  Hunger
 Cause Fear               Hex            #.........   100%        4    #####..
 Silence                  Hex/Air        #.........   100%        5    ######.
 Yara's Violent Unravell  Hex/Tmut       #.........   100%        5    ######.
 Deflect Missiles         Chrm/Air       #.........   100%        6    #######
 Discord                  Hex            #.........   100%        8    #######


Dungeon Overview and Level Annotations

Branches:
Dungeon (9/15)             Temple (1/1) D:5            Lair (3/6) D:9
 Shoals (0/4) Lair:2
  Snake: Lair:2-4    Spider: Lair:2-4       Orc: D:9-12

Altars:
Ashenzari
Cheibriados
Dithmenos
Elyvilon
Fedhas
Gozag
Hepliaklqana
Kikubaaqudgha
Makhleb
Nemelex Xobeh
Okawaru
Qazlal
Ru
Sif Muna
Trog
Uskayaw
Vehumet
Wu Jian
Xom
Yredelemnul
Zin
The Shining One


Innate Abilities, Weirdness & Mutations

You reflexively headbutt those who attack you in melee.
You have a pair of horns on your head.


Message History

The nine-headed hydra bites you but does no damage.
The nine-headed hydra bites you.
* * * LOW HITPOINT WARNING * * *
The nine-headed hydra closely misses you.
The nine-headed hydra bites you but does no damage.
The nine-headed hydra bites you.
* * * LOW HITPOINT WARNING * * *
The nine-headed hydra bites you.
* * * LOW HITPOINT WARNING * * *
The nine-headed hydra bites you but does no damage.
The nine-headed hydra bites you!
* * * LOW HITPOINT WARNING * * *
The nine-headed hydra barely misses you.
Okay, then.
It was a potion of agility.
You feel agile all of a sudden. The nine-headed hydra bites you!
* * * LOW HITPOINT WARNING * * *
The nine-headed hydra bites you.
You die...

.......###...##....#
≈.≈≈≈..≈≈.#.####..##
≈≈≈.♣.♣≈≈##..###..#
.≈≈≈≈≈.≈#.....#...#
♣≈≈.≈.≈≈..........#
...≈.≈.≈..........##
..≈..≈.≈≈..........#
≈♣≈..≈.<.......D..##
≈...≈........#@.#
..#.#..#...#
..<..r##.## .......
#.# ....... #..
....... ..## .......
.# .#


You could see a nine-headed hydra.

Vanquished Creatures
  A merfolk siren (Lair:2)
  Maggie (D:8)
  6 spiny frogs
  2 rime drakes (Lair:1)
  A polar bear (Lair:3)
  6 dream sheep (Lair:2)
  4 hippogriffs
  Sigmund (D:5)
  9 yaks
  A wyvern (Lair:2)
  A basilisk (Lair:1)
  2 hungry ghosts
  Menkaure (D:5)
  Edmund (D:6)
  3 porcupines
  2 water moccasins (Lair:1)
  3 orc warriors
  An ice beast (D:5)
  2 black bears
  4 phantoms
  6 ogres
  A necrophage (D:8)
  4 wolves (Lair:3)
  2 centaurs (D:8)
  3 crocodiles (Lair:2)
  A big kobold (D:8)
  Blork the orc (D:6)
  9 bullfrogs
  A wyvern zombie (D:8)
  A scorpion (D:4)
  A howler monkey (D:7)
  2 crimson imps
  3 jellies
  A centaur zombie (D:8)
  4 hounds (D:7)
  4 orc priests
  2 orc wizards
  2 iguanas (D:7)
  Natasha (thrice) (D:2)
  6 worker ants
  A killer bee zombie (D:9)
  A howler monkey zombie (D:7)
  A worker ant zombie (D:6)
  A howler monkey skeleton (D:4)
  9 adders
  A shadow imp (D:7)
  An ooze (D:1)
  An adder skeleton (D:5)
  3 worms (D:3)
  2 dart slugs (D:1)
  8 leopard geckos
  22 orcs
  4 giant cockroaches
  5 hobgoblins
  6 jackals
  6 quokkas
  10 bats
  5 frilled lizards
  6 goblins
  A jackal skeleton (D:4)
  A jackal zombie (D:7)
  18 kobolds
  A quokka zombie (D:7)
  15 rats
  A fungus (Lair:2)
  A plant (Lair:2)
240 creatures vanquished.

Notes
Turn   | Place    | Note
-------+----------+-------------------------------------------
     0 | D:1      | Archen the Minotaur Berserker began the quest for the Orb.
     0 | D:1      | Reached XP level 1. HP: 19/19 MP: 0/0
   107 | D:1      | Reached skill level 4 in Axes
   107 | D:1      | Reached XP level 2. HP: 20/27 MP: 1/1
   492 | D:1      | Reached XP level 3. HP: 33/33 MP: 2/2
   624 | D:1      | Reached ** piety under Trog
   834 | D:2      | Noticed Natasha
   837 | D:2      | Killed Natasha
   902 | D:2      | Reached XP level 4. HP: 40/40 MP: 3/3
  1012 | D:2      | Noticed Natasha
  1020 | D:2      | Killed Natasha
  1020 | D:2      | Reached skill level 5 in Axes
  1028 | D:2      | Noticed Natasha
  1036 | D:2      | Killed Natasha
  1036 | D:2      | Reached XP level 5. HP: 15/47 MP: 4/4
  1291 | D:2      | Found a radiant altar of Vehumet.
  2016 | D:3      | Reached *** piety under Trog
  2504 | D:4      | Noticed an ogre
  2512 | D:4      | Killed an ogre
  2512 | D:4      | Reached skill level 6 in Axes
  2512 | D:4      | Reached XP level 6. HP: 16/55 MP: 5/5
  2820 | D:4      | Reached skill level 5 in Fighting
  2943 | D:4      | Reached XP level 7. HP: 59/61 MP: 6/6
  2967 | D:4      | Reached skill level 7 in Axes
  3152 | D:5      | Entered Level 5 of the Dungeon
  3307 | D:5      | Noticed Sigmund
  3328 | D:5      | Killed Sigmund
  3328 | D:5      | Reached **** piety under Trog
  3328 | D:5      | Reached skill level 5 in Armour
  3598 | D:5      | Noticed Menkaure
  3606 | D:5      | Killed Menkaure
  3606 | D:5      | Reached skill level 8 in Axes
  3606 | D:5      | Reached XP level 8. HP: 60/70 MP: 7/7
  3612 | D:5      | Reached skill level 5 in Dodging
  3824 | D:5      | Found a glowing silver altar of Zin.
  3910 | D:5      | Found a shattered altar of Ashenzari.
  3910 | D:5      | Found a sparkling altar of Nemelex Xobeh.
  4301 | D:5      | Found a staircase to the Ecumenical Temple.
  4409 | Temple   | Entered the Ecumenical Temple
  4703 | D:6      | Noticed Blork the orc
  4713 | D:6      | Killed Blork the orc
  4713 | D:6      | Reached skill level 9 in Axes
  4809 | D:6      | Noticed Edmund
  4821 | D:6      | Killed Edmund
  4826 | D:6      | Found a sacrificial altar of Ru.
  5651 | D:7      | Reached XP level 9. HP: 79/79 MP: 8/8
  5795 | D:7      | Reached skill level 10 in Axes
  6176 | D:7      | Found a hide-covered altar of Uskayaw.
  6610 | D:8      | Noticed Maggie
  6634 | D:8      | Killed Maggie
  6670 | D:8      | HP: 4/81 [centaur (8)]
  7098 | D:8      | Reached skill level 11 in Axes
  7160 | D:8      | Found a bloodstained altar of Trog.
  7180 | D:8      | Found a hazy altar of Hepliaklqana.
  7765 | D:9      | Identified the +0 robe of Ithrurept {rN+ Dex+3}
  7783 | D:9      | Reached XP level 10. HP: 37/90 MP: 9/9
  8058 | D:9      | Found a staircase to the Lair.
  8369 | D:9      | Reached ***** piety under Trog
  8369 | D:9      | Received a gift from Trog
  8521 | Lair:1   | Entered Level 1 of the Lair of Beasts
  8533 | Lair:1   | Noticed a spiny frog
  8543 | Lair:1   | Killed a spiny frog
  8666 | Lair:1   | Reached skill level 12 in Axes
  9192 | Lair:1   | Noticed a spiny frog
  9202 | Lair:1   | Killed a spiny frog
 10234 | Lair:2   | Reached skill level 13 in Axes
 10234 | Lair:2   | Reached XP level 11. HP: 54/99 MP: 10/10
 10755 | Lair:2   | Reached skill level 10 in Fighting
 10996 | Lair:2   | Found a staircase to the Shoals.
 11285 | Lair:3   | Reached skill level 10 in Armour
 11605 | Lair:3   | Noticed a seven-headed hydra
 11613 | Lair:3   | HP: 2/101 [nine-headed hydra (10)]
 11613 | Lair:3   | Slain by a nine-headed hydra

Levels and vault maps discovered:
D:1:      lightli_arrival_chessboard, layout_loops_ring
D:2:      layout_rooms, lemuel_round_altar, uniq_natasha
D:3:      layout_basic, minmay_cut_off
D:4:      layout_rooms
D:5:      layout_gridville, kennysheep_mini_moat,
          gammafunk_temple_overflow_elements, minmay_temple_entry_wispy,
          first_ration, uniq_menkaure, uniq_sigmund
D:6:      layout_loops_ring, old_standard_altar, uniq_blork_the_orc, uniq_edmund
D:7:      layout_layer_cave, basic_altar
D:8:      layout_rooms, grunt_temple_overflow_open, uniq_maggie
D:9:      layout_long_grid, lair_entry_dummy
Temple:   regret_index_temple_waves
Lair:1:   layout_gridlike, grunt_megastairs_2
Lair:2:   layout_gridlike, minmay_shoals_entry_lonely_mermaid,
          grunt_megastairs_3
Lair:3:   layout_regular_city, spider_nest_entry_a,
          nicolae_volcano_entry_s_turn, chequers_serial_rivers_large_a,
          chequers_serial_rivers_marsh

Skill      XL: |  1  2  3  4  5  6  7  8  9 10 11 |
---------------+----------------------------------+-----
Axes           | 4 5 6 8 9 11 13 | 13.9
Fighting       | 4 5 6 7 8 9 10 | 10.5
Armour         | 3 4 5 6 8 9 10 | 10.2
Dodging        | 3 4 6 7 8 9 |  9.3

Action                   |  1- 3 |  4- 6 |  7- 9 | 10-12 || total
-------------------------+-------+-------+-------+-------++-------
Melee: Hand axe          |    50 |   154 |   156 |       ||   360
       Headbutt          |     7 |    29 |    59 |    32 ||   127
       War axe           |       |       |   102 |       ||   102
       Battleaxe         |       |       |       |   177 ||   177
Invok: Berserk           |       |       |     1 |     2 ||     3
       Trog's Hand       |       |       |       |     1 ||     1
  Use: Scroll            |       |       |    12 |     1 ||    13
       Potion            |       |       |       |     1 ||     1
  Eat: Chunk             |       |     5 |     4 |     9 ||    18
       Ration            |       |     1 |     4 |     2 ||     7
Armor: Animal skin       |    11 |       |       |       ||    11
       Robe              |     1 |    14 |       |       ||    15
       Chain mail        |       |    62 |    83 |    99 ||   244
       Leather armour    |       |     5 |       |       ||     5
Dodge: Dodged            |    32 |    91 |    89 |   136 ||   348
Block: Shield            |       |       |    46 |       ||    46

Table legend:
 A = Non-vault XP
 B = Vault XP
 C = Vault XP percentage of total XP
 D = Non-vault monster count
 E = Vault monster count
 F = Vault count percentage of total count
                 A         B        C        D         E       F
            +---------+---------+-------+---------+---------+-------
      Total |   14590 |    2021 |  12.2 |     225 |      13 |   5.5
            +---------+---------+-------+---------+---------+-------
        D:1 |      45 |       0 |   0.0 |      23 |       0 |   0.0
        D:2 |     131 |      36 |  21.6 |      24 |       1 |   4.0
        D:3 |      84 |       6 |   6.7 |      30 |       3 |   9.1
        D:4 |     560 |       0 |   0.0 |      17 |       0 |   0.0
        D:5 |     642 |     403 |  38.6 |      12 |       2 |  14.3
        D:6 |     397 |     247 |  38.4 |      15 |       2 |  11.8
        D:7 |    1004 |       0 |   0.0 |      22 |       0 |   0.0
        D:8 |    1345 |     404 |  23.1 |      19 |       1 |   5.0
        D:9 |    1238 |       0 |   0.0 |      22 |       0 |   0.0
     Lair:1 |    2924 |     334 |  10.3 |      12 |       2 |  14.3
     Lair:2 |    3819 |     591 |  13.4 |      17 |       2 |  10.5
     Lair:3 |    2401 |       0 |   0.0 |      12 |       0 |   0.0
            +---------+---------+-------+---------+---------+-------
